 Dungeon Crawl Stone Soup version 0.26-a0-639-g72c4674329 (webtiles) character file.

Game seed: 15047854055893317173

51 KristoblXynda the Cudgeler (level 3, 0/21 HPs)
             Began as a Gargoyle Gladiator on Sept 20, 2020.
             Slain by an adder (4 damage)
             ... on level 2 of the Dungeon.
             The game lasted 00:01:26 (980 turns).

KristoblXynda the Cudgeler (Gargoyle Gladiator)      Turns: 980, Time: 00:01:27

Health: 0/21       AC:  7    Str: 18    XL:     3   Next: 81%
Magic:  3/3        EV: 12    Int:  8    God:
Gold:   46         SH:  0    Dex: 11    Spells: 2/2 levels left

rFire    . . .     SeeInvis .   a - +0 flail
rCold    . . .     Faith    .   (no shield)
rNeg     + . .     Spirit   .   b - +0 leather armour
rPois    ∞         Reflect  .   c - +0 helmet
rElec    +         Harm     .   (no cloak)
rCorr    .         Rampage  .   (no gloves)
MR       .....                  (no boots)
Stlth    +.........             (no amulet)
HPRegen  0.07/turn              (no ring)
MPRegen  0.08/turn              (no ring)

@: no status effects
A: negative energy resistance 1, electricity resistance, unbreathing,
petrification resistance, rot immunity, AC +3
a: no special abilities


You were on level 2 of the Dungeon.
You visited 1 branch of the dungeon, and saw 2 of its levels.

You collected 46 gold pieces.

Inventory:

Hand Weapons
 a - a +0 flail (weapon)
Missiles
 d - 3 throwing nets (quivered)
Armour
 b - a +0 leather armour (worn)
 c - a +0 helmet (worn)
Jewellery
 f - an uncursed ring of protection from magic
Scrolls
 e - 4 scrolls of identify {unknown}
 g - a scroll of fog {unknown}


   Skills:
 - Level 2.1 Fighting
 + Level 3.5 Maces & Flails
 - Level 1.7 Throwing
 + Level 1.9 Armour
 + Level 3.0 Dodging


You had 2 spell levels left.
You didn't know any spells.
Your spell library was empty.

Dungeon Overview and Level Annotations

Branches:
Dungeon (2/15)

Altars:


Innate Abilities, Weirdness & Mutations

You are resistant to torment.
Your stone body is resilient. (AC +3)
You are immune to poison.
You resist negative energy. (rN+)
You are resistant to electric shocks. (rElec)
You can survive without breathing.
You are immune to petrification.
You are immune to rotting.


Message History

An adder comes into view.
The adder hisses angrily.
The gnoll misses you.
You hit the gnoll but do no damage. The gnoll hits you with a +0 spear!
You hit the gnoll but do no damage. The gnoll hits you but does no damage.
You hit the gnoll.
The gnoll is heavily wounded.
The gnoll hits you with a +0 spear! The gnoll hits you with a +0 spear.
* * * LOW HITPOINT WARNING * * *
You sock the gnoll!
You kill the gnoll!
Your Dodging skill increases to level 3!
The adder barely misses you.
You closely miss the adder. The adder barely misses you.
A gnoll comes into view. It is wielding a +0 club.
The adder closely misses you.
The frilled lizard unfolds its giant frill.
You aren't carrying any potions.
You miss the adder. The adder bites you.
You die...

###########
#.........#
#.#######.# #.# #.#
####.#######.##### #.#
.....g..g)g......# #.#
.##..#######.###.###.#
#. #.lS@.....#
#####.##### #.# ##.#
#..# #.## ##+# #.#
##...## #.# ##.....##
###.#


You could see an adder and a frilled lizard.

Vanquished Creatures
  A gnoll (D:2)
  2 dart slugs (D:1)
  A giant cockroach (D:1)
  5 goblins (D:1)
  6 hobgoblins (D:1)
  8 jackals
  5 kobolds
  3 bats (D:1)
  3 rats (D:1)
34 creatures vanquished.

Notes
Turn   | Place    | Note
-------+----------+-------------------------------------------
     0 | D:1      | KristoblXynda the Gargoyle Gladiator began the quest for
                  | the Orb.
     0 | D:1      | Reached XP level 1. HP: 12/12 MP: 1/1
   102 | D:1      | Reached XP level 2. HP: 7/17 MP: 2/2
   109 | D:1      | Reached skill level 1 in Armour
   526 | D:1      | Reached XP level 3. HP: 17/21 MP: 3/3
   980 | D:2      | Slain by an adder

Illustrated notes

Levels and vault maps discovered:
D:1:      wander_arrival_desolate, layout_rooms, skrybe_limestone_x,
          minmay_misc_feat_alley, st_stairs_10, minmay_door_square
D:2:      layout_loops_corners, lemuel_crystal_altar,
          chequers_serial_rivers_small_3

Skill      XL: |  1  2  3 |
---------------+----------+-----
Armour         | 1 |  1.9
Dodging        | 3 |  3.0
Fighting       | |  2.1
Maces & Flails | |  3.5
Throwing       | |  1.7

Action                   || total
-------------------------++-------
Melee: Flail             ||   123
Armor: Leather armour    ||    71
Dodge: Dodged            ||   107

Table legend: (Time is in decaauts)
 A = Elapsed time spent in this place.
 B = Non-inter-level travel time spent in this place.
 C = Inter-level travel time spent in this place.
 D = Time resting spent in this place.
 E = Time spent auto-exploring this place.
 F = Levels seen in this place.
 G = Mean time per level.
                   A        B        C        D        E       F      G
               +--------+--------+--------+--------+--------+-----+--------+
         Total |   1009 |   1009 |      0 |    133 |    559 |   2 |  504.5 |
       Dungeon |   1009 |   1009 |      0 |    133 |    559 |   2 |  504.5 |
               +--------+--------+--------+--------+--------+-----+--------+

Top non-repeatable levels by time:
     D:1: 909 daAuts
     D:2: 100 daAuts
